 Dungeon Crawl Stone Soup version 0.28.0 (webtiles) character file.

Game seed: 1831761223907857174

23 Karn the Skirmisher (level 2, 0/24 HPs)
             Began as a Demonspawn Fighter on Feb 6, 2022.
             Was a Follower of Fedhas.
             Slain by a gnoll (10 damage)
             ... on level 3 of the Dungeon.
             The game lasted 00:01:14 (1054 turns).

Karn the Skirmisher (Demonspawn Fighter)            Turns: 1054, Time: 00:01:16

Health: 0/24       AC:  6    Str: 16    XL:     2   Next: 72%
Magic:  2/2        EV:  8    Int:  9    God:    Fedhas [*.....]
Gold:   72         SH:  4    Dex: 12    Spells: 1/1 levels left

rFire   . . .      SeeInvis .   a - +0 long sword
rCold   . . .      Faith    .   c - +0 buckler
rNeg    . . .      Spirit   .   b - +0 scale mail
rPois   .          Reflect  .   (no helmet)
rElec   .          Harm     .   (no cloak)
rCorr   .          Rampage  .   (no gloves)
Will    .....                   (no boots)
Stlth   ..........              (no amulet)
HPRegen 0.08/turn               (no ring)
MPRegen 0.08/turn               (no ring)

@: no status effects
A: powered by pain 1
a: Renounce Religion


You were on level 3 of the Dungeon.
You worshipped Fedhas.
Fedhas was aware of your devotion.
You visited 1 branch of the dungeon, and saw 3 of its levels.

You collected 72 gold pieces.

Inventory:

Hand Weapons
 a - a +0 long sword (weapon)
Armour
 b - a +0 scale mail (worn)
 c - a +0 buckler (worn)
Jewellery
 h - a ring of wizardry
Scrolls
 e - 4 scrolls of fog {unknown}
 f - a scroll of magic mapping {unknown}
 g - a scroll of amnesia {unknown}
Potions
 d - a potion of might


   Skills:
 + Level 3.3 Fighting
 + Level 2.1 Long Blades
 + Level 3.0 Armour
 + Level 0.1 Dodging
 + Level 2.9 Shields


You had one spell level left.
You didn't know any spells.
Your spell library contained the following spells:

 Spells                   Type           Power      Damage    Failure   Level
 Sublimation of Blood     Necr           0%         N/A       96%         2
 Conjure Flame            Conj/Fire      0%         6-21      99%         3
 Ignite Poison            Fire/Tmut/Pois 0%         N/A       99%         3
 Petrify                  Tmut/Erth      0%         N/A       100%        4
 Sticky Flame             Conj/Fire      0%         2d3       100%        4
 Irradiate                Conj/Tmut      0%         3d14      100%        5


Dungeon Overview and Level Annotations

Branches:
Dungeon (3/15)

Altars:
Fedhas


Innate Abilities, Weirdness & Mutations

You sometimes gain a little power by taking damage.


Message History

The adder hisses angrily.
You closely miss the adder. The adder bites you. The adder misses you.
You hit the adder.
The adder is moderately wounded.
The adder barely misses you.
You closely miss the adder.
The adder is moderately wounded.
The adder bites you. You block the adder's attack.
You hit the adder.
The adder is almost dead.
The adder bites you but does no damage. You block the adder's attack.
You hit the adder.
You kill the adder!
Fedhas appreciates your contribution to the ecosystem.
Your Armour skill increases to level 3!
h - a ring of wizardry You see here an adder corpse.
HP restored.
Found a plate armour.
You open the door.
Found 29 stones.
There is an open door here.
A gnoll comes into view. It is wielding a +0 club.
The gnoll shouts!
You hear a shout!
A gnoll comes into view. It is wielding a +0 club.
You see here 29 stones.
A gnoll comes into view. It is wielding a +0 halberd.
The gnoll shouts!
A gnoll comes into view. It is wielding a +0 whip.
The gnoll moves out of view.
Found a stone staircase leading down.
The gnoll barely misses you. x2
You slash the gnoll!
The gnoll is almost dead.
The gnoll hits you but does no damage.
The gnoll hits you from afar with a +0 halberd!
The gnoll hits you with a +0 club.
The gnoll hits you from afar with a +0 halberd!
You die...
Fedhas appreciates your contribution to the ecosystem.

#.........[
##.####.###
#..#
######'###
#.....(..#
#........#
..........#
...#####..#
.. ##@# .
#g# #g#


#gg ##. .. .> ... You could see 4 gnolls.

Vanquished Creatures
  An adder (D:3)
  A worm (D:2)
  A dart slug (D:1)
  An endoplasm (D:3)
  A goblin (D:1)
  A kobold (D:1)
  A quokka (D:1)
  A ball python (D:1)
  A bat (D:1)
  A rat (D:1)
10 creatures vanquished.

Notes
Turn   | Place    | Note
-------+----------+-------------------------------------------
     0 | D:1      | Karn the Demonspawn Fighter began the quest for the Orb.
     0 | D:1      | Reached XP level 1. HP: 18/18 MP: 1/1
   454 | D:1      | Found a faded altar of an unknown god.
   460 | D:1      | Gained mutation: You sometimes gain a little power by
                  | taking damage. [demonic ancestry]
   460 | D:1      | Reached XP level 2. HP: 20/24 MP: 2/2
   461 | D:1      | Prayed at the altar of an unknown god.
   461 | D:1      | Became a worshipper of Fedhas Madash
   461 | D:1      | Reached * piety under Fedhas
  1054 | D:3      | Slain by a gnoll

Illustrated notes

Levels and vault maps discovered:
D:1:      amcnicky_arrival_wind_blow, layout_loops_cross,
          shapermc_ecumenical_altar_petra
D:2:      layout_basic
D:3:      layout_basic, nicolae_wu_jian_immortal_techniques, minmay_box_of_dots,
          uniq_grinder, uniq_natasha, uniq_sigmund

Skill      XL: |  1  2 |
---------------+-------+-----
Long Blades    | 2 |  2.1
Armour         | 3 |  3.0
Fighting       | |  3.3
Dodging        | |  0.1
Shields        | |  2.9

Action                   || total
-------------------------++-------
Melee: Long sword        ||    38
Armor: Scale mail        ||    22
Dodge: Dodged            ||    17
Block: Buckler           ||     8
